 Dungeon Crawl Stone Soup version 0.29-a0-359-g541a27f54d (webtiles) character file.

Game seed: 13692164784269012753

46 Zeldest the Covert (level 3, 0/23 HPs)
             Began as a Vampire Delver on Apr 28, 2022.
             Slain by an iguana (1 damage)
             ... on level 4 of the Dungeon.
             The game lasted 00:01:27 (185 turns).

Zeldest the Covert (Vampire Delver)                  Turns: 185, Time: 00:01:28

Health: 0/23       AC:  4    Str: 11    XL:     3   Next: 46%
Magic:  3/3        EV: 12    Int: 12    God:
Gold:   30         SH:  0    Dex: 23    Spells: 2/2 levels left

rFire   . . .      SeeInvis +   a - +0 short sword
rCold   + + +      Faith    .   (no shield)
rNeg    + + +      Spirit   .   b - +0 leather armour
rPois   ∞          Reflect  .   (no helmet)
rElec   .          Harm     .   (no cloak)
rCorr   .          Rampage  .   (no gloves)
Will    .....                   l - +0 pair of boots
Stlth   ++++++....              (no amulet)
HPRegen 0.00/turn               h - ring of protection from cold
MPRegen 0.08/turn               j - +6 ring of dexterity

@: bloodless, inhibited regen
A: bloodless, fangs 3, see invisible, vampiric 2
a: Bat Form, Revivify


You were on level 4 of the Dungeon.
You visited 1 branch of the dungeon, and saw 3 of its levels.

You collected 30 gold pieces.

Inventory:

Hand Weapons
 a - a +0 short sword (weapon)
Armour
 b - a +0 leather armour (worn)
 l - a +0 pair of boots (worn)
Jewellery
 h - a ring of protection from cold (left hand)
 j - a +6 ring of dexterity (right hand)
 m - a ring of protection from cold
Wands
 g - a wand of digging (3)
Scrolls
 c - a scroll of fog
 d - a scroll of magic mapping
 e - a scroll of fear
 k - 2 scrolls of identify {unknown}
Potions
 f - a potion of haste
 i - a potion of curing {unknown}


   Skills:
 + Level 3.1 Fighting
 + Level 2.8 Short Blades
 + Level 2.2 Dodging
 + Level 8.1 Stealth


You had 2 spell levels left.
You didn't know any spells.
Your spell library contained the following spells:

 Spells                   Type           Power      Damage    Failure   Level
 Tukima's Dance           Hex            0%         N/A       78%         3
 Passage of Golubria      Tloc           0%         N/A       99%         4
 Yara's Violent Unravell  Hex/Tmut       0%         3d3       100%        5


Dungeon Overview and Level Annotations

Branches:
Dungeon (6/15)
 Temple: D:4-7

Altars:


Innate Abilities, Weirdness & Mutations

You do not regenerate when monsters are visible.
You are frail without blood (-20% HP).
You can heal yourself when you bite living creatures.
You are immune to poison.
You have razor-sharp teeth.
You have supernaturally acute eyesight. (SInv)
You are afflicted with vampirism and can become a bat while bloodless.


Message History

You open the door.
You feel sick.
Found a scroll labelled PIZ HOVOBIEVAA.
You feel sick.
You begin bloodletting.
You continue bloodletting.
You feel sick.
You are no longer poisoned.
You continue bloodletting. x4
You become bloodless.
Found 20 gold pieces.
There is an open door, spattered with blood here.
You now have 30 gold pieces (gained 20).
An iguana comes into view.
The iguana hisses angrily.
Okay, then.
You hit the iguana but do no damage. You hit the iguana but do no damage.
The iguana bites you but does no damage.
You hit the iguana.
The iguana is lightly wounded.
The iguana bites you!
You hit the iguana but do no damage. Your bite misses the iguana.
The iguana is lightly wounded.
The iguana bites you!
* * * LOW HITPOINT WARNING * * *
You hit the iguana.
The iguana is moderately wounded.
The iguana closely misses you.
You hit the iguana.
The iguana is heavily wounded.
The iguana misses you.
You completely miss the iguana.
The iguana is heavily wounded.
The iguana closely misses you.
You hit the iguana but do no damage. You bite the iguana, but do no damage.
The iguana is heavily wounded.
The iguana closely misses you.
You hit the iguana but do no damage. Your bite misses the iguana.
The iguana is heavily wounded.
The iguana bites you.
You die...

.######## ........# ........#
........+ #..........?######
#................#
#.........l@.....#######
#....#######...........#
#....# #...........# #....#
#...........+
###+#....#+#######'##......#
#.......>.......#...######...
#...............'†.......# ..
#<..............######...# .
#....####.......# ..#


You could see an iguana.

Vanquished Creatures
  A howler monkey (D:5)
  An adder (D:4)
2 creatures vanquished.

Notes
Turn   | Place    | Note
-------+----------+-------------------------------------------
     0 | D:5      | Zeldest the Vampire Delver began the quest for the Orb.
     0 | D:5      | Reached XP level 1. HP: 17/17 MP: 1/1
    15 | D:5      | Noticed an orc priest
   108 | D:5      | Noticed a howler monkey
   114 | D:5      | Killed a howler monkey
   115 | D:5      | Reached skill level 8 in Stealth
   115 | D:5      | Reached XP level 2. HP: 24/24 MP: 2/2
   115 | D:5      | Gained mutation: You are afflicted with vampirism and can
                  | become a bat while bloodless. [Vampire growth]
   115 | D:5      | Reached XP level 3. HP: 29/29 MP: 3/3
   180 | D:4      | HP: 1/23 [iguana (7)]
   185 | D:4      | Slain by an iguana

Illustrated notes

Levels and vault maps discovered:
D:4:      layout_gridville, uniq_sigmund
D:5:      layout_loops_corners, minmay_temple_entry_wispy,
          minmay_strange_pillars, grunt_ministairs_2
D:6:      layout_cave_pools, zin_statuary, minmay_misc_feat_more_columns,
          grunt_decor_mini_mirrors

Skill      XL: |  1 |
---------------+----+-----
Fighting       | 3 |  3.1
Stealth        | 8 |  8.1
Short Blades   | |  2.8
Dodging        | |  2.2

Action                   || total
-------------------------++-------
Melee: Short sword       ||    14
       Bite              ||     2
 Abil: Exsanguinate      ||     1
 Stab: Sleeping          ||     1
Armor: Leather armour    ||     3
Dodge: Dodged            ||     4

Table legend: (Time is in decaauts)
 A = Elapsed time spent in this place.
 B = Non-inter-level travel time spent in this place.
 C = Inter-level travel time spent in this place.
 D = Time resting spent in this place.
 E = Time spent auto-exploring this place.
 F = Levels seen in this place.
 G = Mean time per level.
                   A        B        C        D        E       F      G
               +--------+--------+--------+--------+--------+-----+--------+
         Total |    183 |    183 |      0 |      0 |      0 |   3 |   61.0 |
       Dungeon |    183 |    183 |      0 |      0 |      0 |   3 |   61.0 |
               +--------+--------+--------+--------+--------+-----+--------+

Top non-repeatable levels by time:
     D:5: 65 daAuts
     D:6: 62 daAuts
     D:4: 55 daAuts
